Map: Emerald City LE

Players

alpha

  • Race: Zerg Zerg
  • Spawn Location: 5:00

Yang

  • Race: Protoss Protoss
  • League: Platinum
  • Spawn Location: 5:00

Massa - Winner!

  • Race: Terran Terran
  • League: Platinum
  • Spawn Location: 11:00

qqq - Winner!

  • Race: Zerg Zerg
  • Spawn Location: 11:00

VOD

Have the link to the VOD?

Description

Time

  • Played on: Oct. 30, 2020, 4:33 p.m.
  • Length: 12:31
Show
View Real Time Build Order
Export as new Build Order

alpha Zerg 

Build Orders: Hatch First 

Get SALT Encoding   

  12  0:00  Drone  
  13  0:08  Drone  
  14  0:15  Extractor  
  14  0:18  Extractor, Drone  
  15  0:25  Overlord  
  15  0:48  Hatchery  
  14  0:50  Drone  
  14  0:55  Drone  
  16  0:59  Drone  
  16  1:02  Drone  
  18  1:17  Spawning Pool  
  17  1:20  Extractor  
  17  1:21  Drone  
  18  1:25  Drone  
  18  1:36  Drone  
  19  1:54  Overlord  
  19  1:58  Hatchery  
  19  1:59  Drone  
  19  2:03  Drone  
  19  2:06  Drone  
  21  2:16  Queen  
  21  2:19  Drone  
  24  2:25  Drone  
  25  2:30  Metabolic Boost  
  25  2:33  Drone  
  25  2:35  Extractor  
  25  2:37  Drone  
  25  2:40  Drone  
  25  2:43  Drone  
  28  2:50  Zergling x4  
  30  2:56  Queen  
  32  3:01  Extractor  
  31  3:08  Drone  
  31  3:09  Drone  
  31  3:12  Drone  
  33  3:13  Drone  
  33  3:14  Drone  
  33  3:17  Drone  
  36  3:21  Drone  
  36  3:23  Drone  
  38  3:28  Drone  
  39  3:41  Drone  
  39  3:42  Drone x2  
  39  3:43  Overlord x2  
  42  3:52  Roach Warren  
  41  3:58  Drone  
  41  4:02  Zergling x2  
  43  4:03  Drone x3, Zergling x6  
  49  4:13  Queen  
  49  4:15  Drone x3  
  56  4:31  Spine Crawler  
  56  4:32  Drone  
  56  4:33  Drone, Overlord  
  56  4:34  Drone  
  58  4:46  Lair  
  58  4:48  Drone  
  58  4:51  Roach  
  58  4:52  Overlord x2  
  59  4:53  Roach x3  
  59  4:54  Drone  
  64  5:00  Drone  
  64  5:01  Drone  
  64  5:03  Overlord  
  64  5:04  Overlord  
  66  5:11  Spine Crawler  
  69  5:14  Spine Crawler, Roach x2  
  69  5:19  Drone x2  
  70  5:24  Roach x3  
  76  5:32  Roach  
  78  5:43  Overlord, Roach x4  
  78  5:44  Drone x2, Overlord  
  78  5:45  Drone  
  89  5:51  Glial Reconstitution  
  89  5:53  Roach x2  
  89  5:54  Zergling x2  
  89  5:55  Drone  
  89  5:56  Drone  
  96  6:11  Roach x6  
  106  6:19  Spine Crawler  
  106  6:20  Drone  
  106  6:22  Spore Crawler, Roach x2  
  106  6:23  Roach  
  113  6:25  Ravager x2  
  113  6:26  Ravager  
  113  6:29  Overlord  
  114  6:45  Overlord  
  114  6:46  Overlord x3  
  114  6:47  Zergling x2  
  114  6:48  Roach x2  
  114  6:50  Ravager x2  
  114  6:51  Ravager  
  114  6:53  Overlord x2  
  122  7:03  Spore Crawler  
  122  7:05  Spore Crawler  
  122  7:06  Spore Crawler x2  
  122  7:07  Spore Crawler  
  117  7:08  Spore Crawler  
  117  7:10  Zergling x2  
  100  7:33  Zergling x2  
  100  7:34  Zergling x20  
  73  7:46  Evolution Chamber  
  73  7:47  Evolution Chamber  
  73  7:50  Baneling Nest  
  69  7:52  Extractor  
  69  7:54  Drone  
  69  8:08  Drone x2  
  67  8:22  Tunneling Claws  
  67  8:26  Zerg Missile Weapons Level 1, Zerg Melee Weapons Level 1, Hydralisk Den  
  66  8:28  Zergling x22  
  66  8:29  Zergling x2  
  77  9:06  Hydralisk x7  
  77  9:08  Hatchery  
  71  9:23  Zergling x2  
  71  9:24  Zergling x18  
  71  9:26  Drone  
  71  9:27  Drone  
  71  9:29  Drone  
  71  9:30  Drone  
  75  9:43  Zergling x4  
  75  9:44  Baneling  
  77  9:46  Baneling x3  
  77  9:47  Baneling x3  
  67  9:53  Hydralisk x2  
  67  9:54  Hydralisk x2  
  67  10:04  Hydralisk x2  
  71  10:09  Zergling x2  
  71  10:12  Baneling x4  
  71  10:13  Baneling x2  
  72  10:20  Spore Crawler  
  71  10:31  Zergling x8  
  71  10:32  Zergling x10  
  78  10:48  Drone  
  69  10:51  Queen  
  67  11:01  Baneling x6  
  67  11:03  Baneling  
  67  11:09  Hatchery, Centrifical Hooks  
  61  11:18  Zergling x4  
  61  11:19  Zergling x2  
  61  11:21  Zergling x2  
  54  11:27  Zergling x4  
  54  11:30  Drone  
  54  11:32  Drone  
  52  11:41  Zergling x2  
  52  11:42  Zergling x4  
  46  12:03  Zergling x2  
  46  12:04  Zergling x12  
  46  12:05  Drone  
  43  12:09  Zergling x2  
  43  12:12  Drone  
  43  12:14  Drone  
Show
View Real Time Build Order
Export as new Build Order

Yang Protoss 

Build Orders: 1 Gate Expand, Zealot Archon 

Get SALT Encoding   

  12  0:00  Probe  
  13  0:12  Probe  
  14  0:24  Pylon  
  14  0:25  Probe  
  15  0:32  Pylon  
  15  0:47  Assimilator  
  15  0:49  Assimilator  
  15  0:50  Probe  
  15  0:54  Gateway  
  16  1:07  Probe  
  17  1:19  Probe  
  18  1:31  Probe  
  19  1:40  Nexus  
  19  1:43  Probe  
  20  1:55  Probe  
  20  2:00  Pylon  
  21  2:05  Cybernetics Core  
  21  2:10  Probe  
  22  2:22  Probe  
  23  2:30  Gateway  
  23  2:39  Probe  
  23  2:41  Adept (Chrono Boost)  
  26  2:47  Warp Gate (Chrono Boost)  
  26  2:55  Gateway  
  26  2:57  Probe  
  27  3:04  Shield Battery  
  27  3:21  Adept  
  27  3:24  Adept  
  27  3:25  Probe  
  27  3:26  Probe  
  33  3:40  Probe  
  34  3:43  Probe  
  35  3:52  Probe  
  35  3:55  Probe  
  35  4:00  Robotics Facility  
  35  4:02  Assimilator  
  35  4:04  Probe  
  35  4:07  Probe, Assimilator  
  37  4:17  Probe  
  37  4:20  Twilight Council  
  37  4:24  Pylon  
  38  4:26  Probe, Pylon x2  
  38  4:28  Pylon  
  38  4:29  Probe  
  40  4:34  Stalker  
  42  4:40  Probe  
  42  4:45  Probe  
  44  4:49  Observer  
  44  4:52  Probe  
  46  4:57  Probe  
  47  5:04  Probe  
  44  5:15  Adept x3  
  50  5:22  Resonating Glaives (Chrono Boost)  
  50  5:25  Probe  
  51  5:28  Templar Archives  
  51  5:31  Probe  
  52  5:37  Probe, Immortal  
  52  5:39  Adept x2  
  61  5:43  Probe  
  61  5:49  Probe  
  63  5:51  Pylon  
  63  5:55  Probe  
  64  5:59  Adept x2  
  64  6:01  Probe  
  69  6:07  Probe  
  70  6:11  Psionic Storm  
  70  6:13  Probe  
  71  6:19  Probe  
  71  6:25  Probe  
  73  6:29  High Templar x2  
  73  6:31  Probe  
  78  6:34  Nexus  
  78  6:35  Pylon  
  78  6:37  Probe  
  78  6:39  Shield Battery  
  79  6:43  Probe  
  80  6:49  Probe  
  80  6:50  Adept  
  83  7:10  Stalker x3  
  89  7:26  Shield Battery  
  89  7:27  Shield Battery  
  89  7:28  Probe  
  86  7:38  Stargate  
  86  7:40  Stargate  
  86  7:43  Stargate  
  84  7:50  Shield Battery  
  84  7:51  Probe  
  85  7:52  Shield Battery  
  85  7:53  Probe, Archon  
  76  8:02  Stalker x3  
  84  8:12  Probe x2  
  84  8:14  Shield Battery  
  84  8:16  Shield Battery  
  84  8:17  Shield Battery  
  84  8:18  Shield Battery  
  82  8:24  Probe  
  73  8:29  Phoenix x2 (Chrono Boost)  
  73  8:32  Adept x3  
  73  8:33  Probe  
  86  8:34  Phoenix (Chrono Boost)  
  86  8:37  Gateway  
  86  8:39  Gateway  
  86  8:40  Gateway  
  84  8:44  Pylon  
  84  8:56  Pylon  
  84  8:59  Pylon  
  81  9:05  Phoenix (Chrono Boost)  
  81  9:07  Phoenix (Chrono Boost)  
  62  9:21  Stalker x2  
  56  9:47  Phoenix  
  56  9:48  Pylon  
  56  9:50  Pylon  
  54  9:54  Stalker  
  57  10:21  Stalker  
  55  10:36  Pylon  
  52  10:56  Stalker  
  54  11:15  Probe  
  55  11:39  Phoenix  
  55  11:43  Pylon  
  55  11:45  Pylon  
  55  11:50  Pylon  
  55  11:53  High Templar  
  57  12:01  Phoenix  
  57  12:06  Phoenix  
Show
View Real Time Build Order
Export as new Build Order

Massa Terran - Winner!

Build Orders: Gas First Reaper Expand 

Get SALT Encoding   

  12  0:00  SCV  
  13  0:12  SCV  
  14  0:23  Supply Depot  
  14  0:25  SCV  
  15  0:30  Refinery  
  15  0:45  SCV  
  15  0:47  Barracks  
  16  0:57  SCV  
  17  1:28  SCV  
  18  1:38  Command Center  
  18  1:43  SCV  
  19  1:47  Reaper  
  20  1:57  Factory  
  20  2:03  Orbital Command  
  20  2:19  Marine  
  21  2:29  SCV  
  22  2:41  SCV  
  22  2:44  Factory Tech Lab  
  23  2:47  Barracks Reactor, Supply Depot  
  23  3:17  Siege Tank  
  23  3:19  Orbital Command  
  26  3:20  SCV  
  27  3:27  Command Center  
  27  3:29  Barracks  
  27  3:32  SCV  
  27  3:33  Refinery  
  28  3:39  Marine  
  28  3:40  Marine  
  30  3:44  SCV  
  31  3:57  SCV, Marine x2  
  31  4:01  Starport, SCV  
  35  4:09  SCV  
  36  4:13  SCV  
  36  4:15  Marine  
  38  4:17  Engineering Bay  
  38  4:18  Supply Depot  
  38  4:21  SCV  
  38  4:23  Siege Tank  
  42  4:25  Marine  
  42  4:27  SCV  
  42  4:31  Barracks Tech Lab  
  44  4:33  SCV  
  45  4:39  SCV  
  45  4:41  Refinery  
  45  4:45  SCV, Missile Turret  
  47  4:50  Missile Turret  
  47  4:56  Widow Mine  
  47  4:57  Marauder, Marine  
  52  5:14  Marine  
  52  5:15  Marine  
  52  5:18  Marauder  
  52  5:19  Stimpack  
  52  5:20  Orbital Command  
  56  5:32  Marine  
  56  5:34  Bunker  
  57  5:36  SCV x2  
  57  5:37  Refinery  
  57  5:40  Marauder  
  61  5:48  SCV  
  61  5:49  SCV  
  63  5:54  SCV  
  64  6:01  SCV x2  
  66  6:06  SCV  
  66  6:09  Medivac  
  69  6:17  Barracks x2  
  69  6:19  Barracks  
  69  6:26  Supply Depot  
  69  6:47  SCV x3, Marine, Medivac  
  69  6:48  Marauder  
  69  6:49  Supply Depot  
  77  6:58  Combat Shield  
  77  7:06  Supply Depot  
  77  7:07  Supply Depot  
  77  7:10  Marine  
  77  7:11  SCV x2, Marauder, Marine  
  77  7:14  Supply Depot  
  77  7:15  Missile Turret  
  83  7:16  Supply Depot  
  82  7:26  Marine x3  
  82  7:28  Widow Mine  
  76  7:32  Marauder  
  73  7:39  Marine  
  73  7:44  Marine x3  
  76  7:54  Marauder  
  76  7:57  Marine  
  79  8:01  Siege Tank  
  79  8:04  Barracks Reactor  
  80  8:09  SCV  
  80  8:10  SCV  
  82  8:15  Marauder  
  82  8:18  Barracks Tech Lab x2  
  82  8:19  Orbital Command  
  84  8:21  SCV  
  84  8:22  SCV  
  86  8:33  SCV, Siege Tank  
  90  8:36  Marauder  
  87  8:55  SCV x3  
  90  8:58  Marauder  
  92  9:07  SCV x2, Marauder  
  92  9:08  Marauder  
  98  9:10  Marine x3  
  90  9:19  Marauder  
  91  9:26  Command Center  
  91  9:27  Marine  
  91  9:28  Marine x2  
  94  9:38  Concussive Shells, Supply Depot  
  94  9:39  Command Center, Supply Depot  
  94  9:40  Supply Depot  
  94  9:42  Supply Depot  
  94  9:59  Marine x3, Medivac  
  101  10:00  Marauder  
  101  10:01  Marauder x2  
  101  10:03  Supply Depot x3  
  105  10:07  Supply Depot  
  105  10:10  Command Center  
  105  10:17  Marine x3  
  105  10:21  Marauder  
  110  10:22  Marauder x2  
  110  10:27  Supply Depot  
  110  10:28  Supply Depot  
  114  10:29  Medivac  
  114  10:35  Marine  
  117  10:42  Marauder  
  119  10:44  Marauder x2  
  122  10:59  Medivac  
  122  11:02  Marine  
  122  11:03  Marine x2  
  122  11:04  Marauder  
  129  11:05  Marauder x2  
  129  11:06  Orbital Command  
  129  11:08  SCV x2  
  129  11:20  SCV x2, Marine x3  
  129  11:25  Marauder  
  118  11:26  Marauder x2  
  118  11:32  SCV x2  
  123  11:38  Marine x3  
  126  11:40  Starport Reactor  
  126  11:44  SCV  
  126  11:46  Marauder  
  129  11:48  Marauder x2  
  130  11:55  Marine  
  130  11:56  Marine x2  
  128  12:08  Marauder  
  119  12:09  Marauder x2  
Show
View Real Time Build Order
Export as new Build Order

qqq Zerg - Winner!

Build Orders: Hatch First 

Get SALT Encoding   

  12  0:01  Drone  
  13  0:08  Drone  
  14  0:36  Hatchery  
  13  0:46  Drone  
  14  1:00  Spawning Pool  
  13  1:05  Overlord  
  13  1:13  Drone  
  14  1:34  Drone x2, Overlord  
  14  1:36  Extractor  
  15  1:53  Queen  
  17  1:55  Drone  
  17  1:56  Drone  
  19  2:06  Queen  
  21  2:12  Drone  
  21  2:16  Drone  
  21  2:20  Drone  
  23  2:30  Drone  
  23  2:33  Drone x2  
  26  2:38  Drone x2  
  28  2:48  Spine Crawler  
  28  2:49  Drone  
  28  2:53  Drone  
  28  2:56  Drone  
  30  2:58  Drone  
  31  3:05  Lair  
  31  3:13  Drone x2  
  31  3:14  Drone  
  31  3:17  Extractor  
  31  3:19  Metabolic Boost  
  33  3:21  Drone  
  33  3:26  Overlord  
  34  3:30  Drone  
  34  3:31  Drone  
  36  3:40  Overlord  
  36  3:41  Overlord  
  36  3:49  Zergling x6  
  36  3:50  Drone x2  
  36  3:53  Drone  
  42  4:00  Extractor  
  42  4:01  Extractor  
  40  4:08  Drone  
  40  4:09  Spire  
  40  4:19  Drone  
  40  4:21  Drone  
  42  4:26  Hatchery  
  42  4:30  Overlord  
  41  4:32  Drone x3  
  41  4:33  Drone  
  45  4:43  Zergling x2  
  45  4:44  Zergling x2  
  45  4:45  Zergling x2  
  49  4:59  Hatchery  
  47  5:00  Zergling x6  
  47  5:01  Drone x5  
  47  5:02  Drone  
  53  5:24  Drone x2  
  53  5:26  Mutalisk x2  
  59  5:30  Overlord  
  59  5:41  Overlord x2  
  59  5:52  Drone, Mutalisk  
  59  5:56  Zerg Flyer Weapons Level 1  
  62  5:58  Mutalisk  
  62  6:01  Overlord  
  64  6:04  Hatchery  
  61  6:14  Hatchery  
  61  6:17  Mutalisk x3  
  64  6:18  Drone  
  64  6:19  Overlord  
  64  6:21  Mutalisk  
  64  6:24  Drone  
  67  6:33  Drone  
  67  6:34  Mutalisk x2  
  67  6:35  Mutalisk  
  67  6:38  Mutalisk  
  76  6:40  Drone  
  76  6:42  Drone  
  76  6:44  Drone  
  79  6:50  Mutalisk x2  
  83  6:58  Drone  
  83  7:00  Mutalisk  
  86  7:11  Infestation Pit  
  86  7:13  Drone  
  83  8:02  Mutalisk x6  
  83  8:04  Drone x8  
  83  8:05  Drone  
  104  8:26  Drone x6  
  110  8:29  Hive  
  110  8:31  Zerg Flyer Armor Level 1  
  110  9:14  Mutalisk x3  
  106  9:49  Mutalisk x2  
  106  9:50  Mutalisk x3  
  106  9:51  Drone x2  
  106  9:52  Drone x6  
  116  10:01  Corruptor  
  112  10:48  Mutalisk x6  
  112  10:49  Drone  
  116  10:50  Drone x3  
  110  11:09  Corruptor  
  110  11:10  Corruptor  
  113  11:11  Drone x4  
  113  11:12  Drone x2  
  113  11:14  Extractor  
  113  11:15  Extractor  
  113  11:18  Corruptor  
  118  11:30  Overlord x3  
  118  11:31  Overlord x6  
  118  11:34  Spore Crawler  
  117  11:49  Extractor, Spore Crawler  
  117  11:50  Extractor  
  117  11:51  Mutalisk, Corruptor x2  
  117  11:52  Mutalisk  
  122  11:56  Hatchery  
  122  11:57  Drone x6  
  122  11:58  Drone x2  
  129  12:17  Spine Crawler  
  129  12:18  Extractor, Spine Crawler  
  129  12:20  Extractor  
Tags
 
Add a new tag
Caveats
  • Supply blocks, unpowered buildings, or Contaminate may cause inaccurate times.
  • Supply counts are checked every 10 seconds.